 Dungeon Crawl Stone Soup version 0.28.0-53-g5a82cb258f (webtiles) character file.

Game seed: 11281500153158855051

4 Peloso the Skirmisher (level 1, -1/20 HPs)
             Began as a Minotaur Fighter on June 21, 2022.
             Was an Initiate of Okawaru.
             Slain by a phantom (3 damage)
             ... on level 2 of the Dungeon.
             The game lasted 00:01:10 (209 turns).

Peloso the Skirmisher (Minotaur Fighter)             Turns: 209, Time: 00:01:11

Health: -1/20      AC:  7    Str: 20    XL:     1   Next: 58%
Magic:  0/0        EV:  9    Int:  5    God:    Okawaru [......]
Gold:   9          SH:  4    Dex:  9    Spells: 0/0 levels left

rFire   . . .      SeeInvis .   a - +0 long sword
rCold   . . .      Faith    .   c - +0 buckler
rNeg    + . .      Spirit   .   b - +0 scale mail
rPois   .          Reflect  .   (helmet restricted)
rElec   .          Harm     .   (no cloak)
rCorr   .          Rampage  .   (no gloves)
Will    .....                   (no boots)
Stlth   ..........              (no amulet)
HPRegen 0.06/turn               e - ring of positive energy
MPRegen 0.07/turn               (no ring)

@: no status effects
A: horns 2, retaliatory headbutt
a: Renounce Religion


You were on level 2 of the Dungeon.
You worshipped Okawaru.
Okawaru was noncommittal.
You visited 1 branch of the dungeon, and saw 2 of its levels.

You collected 9 gold pieces.

Inventory:

Hand Weapons
 a - a +0 long sword (weapon)
Armour
 b - a +0 scale mail (worn)
 c - a +0 buckler (worn)
Jewellery
 e - a ring of positive energy (left hand)
Scrolls
 f - a scroll of noise {unknown}
 g - a scroll of amnesia {unknown}
Potions
 d - a potion of might


   Skills:
 + Level 3.8 Fighting
 + Level 2.4 Long Blades
 + Level 3.7 Armour
 + Level 3.7 Shields


You couldn't memorise any spells.
You didn't know any spells.
Your spell library was empty.

Dungeon Overview and Level Annotations

Branches:
Dungeon (1/15)

Altars:
Okawaru


Innate Abilities, Weirdness & Mutations

You have a pair of horns on your head.
You reflexively headbutt those who attack you in melee.


Message History

You see here a +0 hunting sling.
g - a scroll labelled QOQINU MYOTUNN You see here a bat corpse.
Found a kite shield.
A goblin and a rat come into view.
Found a red potion.
The goblin barely misses you. You furiously retaliate!
You headbutt the goblin, but do no damage.
You hit the goblin but do no damage. The goblin closely misses you.
You hit the goblin but do no damage. The goblin hits you with a +0 club.
You slash the goblin!
You kill the goblin!
Okawaru accepts your kill.
A phantom comes into view.
Things that are here:
a +0 club; a goblin corpse You slash the rat!
You kill the rat!
Okawaru accepts your kill.
Things that are here:
a +0 club; a goblin corpse You closely miss the phantom.
The phantom closely misses you.
You closely miss the phantom. You headbutt the phantom.
The phantom is lightly damaged.
The phantom hits you but does no damage. x2
You barely miss the phantom. Your headbutt misses the phantom.
The phantom is lightly damaged.
The phantom hits you!
The phantom blinks!
You blink.
The phantom hits you. The phantom hits you.
* * * LOW HITPOINT WARNING * * *
Okay, then.
You closely miss the phantom. Your headbutt misses the phantom.
The phantom is lightly damaged.
The phantom closely misses you. You furiously retaliate!
You headbutt the phantom, but do no damage.
You slash the phantom!
The phantom is heavily damaged.
The phantom hits you.
You die...

#####.###.# #.....[.#.#
###### .... #.#.## #..†..
.....#.)..# ### #.####
.....#.#..# ##.###.####
#.......#..####.#.......#
...............###.####.#
#.#.#.##.W.#.##.#.## #.#
.......@..#.###..# #.#
###.#####..#.###..# #.#
.. #..<......#####.# ##
..##.###....[...# .#.##.#
#.###.##.. ..!...# #.#
#.##.# .# #.###....# .#
#.#......# #.#......#


You could see a phantom.

Vanquished Creatures
  An endoplasm (D:2)
  A goblin (D:2)
  2 bats
  A rat (D:2)
5 creatures vanquished.

Notes
Turn   | Place    | Note
-------+----------+-------------------------------------------
     0 | D:1      | Peloso the Minotaur Fighter began the quest for the Orb.
     0 | D:1      | Reached XP level 1. HP: 19/19 MP: 0/0
    24 | D:1      | You fall into a shaft and drop 1 floor!
   109 | D:2      | Found an iron altar of Okawaru.
   115 | D:2      | Became a worshipper of Warmaster Okawaru
   198 | D:2      | Noticed a phantom
   209 | D:2      | Slain by a phantom

Illustrated notes

Levels and vault maps discovered:
D:1:      amcnicky_arrival_feature_with_door, layout_loops_ring,
          minmay_fountain_box, nrook_campfire
D:2:      layout_loops_ring, basic_altar, shapermc_ecumenical_altar_acropolis

Action                   || total
-------------------------++-------
Melee: Long sword        ||    15
       Headbutt          ||     4
Armor: Scale mail        ||     7
Dodge: Dodged            ||     4
Block: Buckler           ||     3
